Unix NetHack Version 5.0.0-0 post-release - last build Jun 10 2026 00:39:30 (3ee93aec679c4c4259841fe613dc97188e26a321,branch:main).

Game began 2026-06-23 20:35:13, ended 2026-06-23 20:38:10.

DaveT, lawful male human Priest

                                                              #
                                                             -.------
                                                             |......|
                                         -------          ###-......|
                                         |B@...[############ --------
                                         |Z:.x.|           #
                                         +:drod.          ##
                                         |(FZ.:|      #####
                                         -------     ##
                                                 # ###
                                                 ###
                                                 ##
                                                  #----------------
                                                  #...............|
                                                   |........{..<..|
                                                   |..............|
                                                   +..............|
                                                   ----------------

DaveT the Acolyte            St:10 Dx:13 Co:12 In:11 Wi:18 Ch:11  Lawful
Dlvl:2  $:29 HP:0(28) Pw:22(22) AC:0  Xp:3 T:590 

Latest messages:
 You finish eating the goblin corpse.
 You have a little trouble lifting an orcish helm.  Continue? [ynq] (q) q
 Double rush prefix, canceled.
 The statue comes to life!
 You hit the vampire bat.
 The vampire bat just misses!
 The vampire bat bites!
 The vampire bat bites!
 The vampire bat bites again!
 You miss the vampire bat.
 The vampire bat bites!
 The vampire bat misses!
 The vampire bat misses!
 The vampire bat bites!
 You miss the vampire bat.
 The vampire bat bites!
 The vampire bat bites again!
 You hit the vampire bat!
 The vampire bat bites!
 The vampire bat bites again!
 The vampire bat bites!
 The vampire bat bites again!
 Are you sure you want to pray? [yn] (n) y
 You begin praying to Anu.
 You are surrounded by a shimmering light.
 The vampire bat starts to attack you, but pulls back.
 The vampire bat starts to attack you, but pulls back.
 The vampire bat starts to attack you, but pulls back.
 The vampire bat starts to attack you, but pulls back.
 The vampire bat starts to attack you, but pulls back.
 You finish your prayer.
 You feel that Anu is pleased.
 You miss the vampire bat.
 The vampire bat bites!
 The vampire bat bites again!
 You miss the vampire bat.
 The vampire bat misses!
 The vampire bat bites!
 The vampire bat bites!
 The vampire bat bites again!
 You hit the vampire bat!
 The vampire bat misses!
 The vampire bat bites!
 The vampire bat bites!
 The vampire bat bites again!
 You hit the vampire bat!
 The vampire bat bites!
 You die...
 Do you want your possessions identified? [ynq] (y) y
 Do you want to see your attributes? [ynq] (y) q

Inventory:
 Coins    ('$')
  $ - 29 gold pieces
 Weapons  (')')
  n - 7 +0 darts
  r - 4 cursed +0 darts
  a - a blessed +1 mace (weapon in right hand)
 Armor    ('[')
  i - a +0 orcish helm (being worn)
  c - a +2 small shield (being worn)
  b - a +0 robe (being worn)
  p - a +0 scale mail (being worn)
 Comestibles  ('%')
  e - 2 cloves of garlic
  f - a sprig of wolfsbane
  j - 2 lichen corpses
 Scrolls  ('?')
  q - a cursed scroll of enchant armor
 Spellbooks  ('+')
  h - a spellbook of extra healing
  g - a spellbook of light
 Potions  ('!')
  d - 4 potions of holy water

DaveT the Priest's attributes:

Background:
 You were an Acolyte, a level 3 human Priest.
 You were lawful, on a mission for Anu
 who was opposed by Ishtar (neutral) and Anshar (chaotic).
 You were right-handed.
 You were in the Dungeons of Doom, on level 2.
 You entered the dungeon 590 turns ago.
 You had 57 experience points, 23 more were needed to attain level 4.

Basics:
 You had 0 out of 28 hit points.
 You had all 22 energy points (spell power).
 Your armor class was 0.
 Your wallet contained 29 zorkmids.
 Autopickup was off.

Final Characteristics:
 Your strength was 10 (limit:18/100).
 Your dexterity was 13 (limit:18).
 Your constitution was 12 (limit:18).
 Your intelligence was 11 (limit:18).
 Your wisdom was 18 (limit:18).
 Your charisma was 11 (limit:18).

Final Status:
 You weren't hungry.
 You were unencumbered.
 You were wielding a mace.
 You had basic skill with mace.

Final Attributes:
 You were fervently aligned.
 You were guarded.
 Your spell casting was impaired by metallic armor, mitigated by your robe.
 You are dead.

Miscellaneous:
 You didn't encounter any bones levels.
 Total elapsed playing time was 2 minutes and 57 seconds.

Major events:
 Turn
    1: DaveT the lawful human Priest entered the dungeon
  505: attained the rank of Acolyte (level 3)
  590: killed by a vampire bat

Spells:
 Name                 Level Category     Fail Retention
 light                  1   clerical      67%  91%-100%
 extra healing          3   healing      100%  76%-100%

Skills:
 Fighting Skills
   bare handed combat [Unskilled]
 Weapon Skills
   club               [Unskilled]
   mace               [Basic]
   morning star       [Unskilled]
   flail              [Unskilled]
   hammer             [Unskilled]
   quarterstaff       [Unskilled]
   polearms           [Unskilled]
   spear              [Unskilled]
   trident            [Unskilled]
   lance              [Unskilled]
   bow                [Unskilled]
   sling              [Unskilled]
   crossbow           [Unskilled]
   dart               [Unskilled]
   shuriken           [Unskilled]
   boomerang          [Unskilled]
   unicorn horn       [Unskilled]
 Spellcasting Skills
   healing spells     [Unskilled]
   divination spells  [Unskilled]
   clerical spells    [Basic]

Voluntary challenges:
 Character rerolling was not enabled.
 You never genocided any monsters.
 You never polymorphed an object.
 You never changed form.
 You used no wishes.
Achievement:
 You attained the rank of Acolyte.

 The Dungeons of Doom: levels 1 to 2
    Level 1:
    Level 2: <- You were here.
       A fountain.
       Final resting place for
          you, killed by a vampire bat.


Vanquished creatures:
  a fox
  4 kobolds
  2 goblins
  2 grid bugs
  2 bats
  3 lichens
  a kobold zombie
  3 newts
18 creatures vanquished.

No species were genocided or became extinct.

Game over:
                       ----------
                      /          \
                     /    REST    \
                    /      IN      \
                   /     PEACE      \
                  /                  \
                  |      DaveT       |
                  |      29 Au       |
                  |   killed by a    |
                  |   vampire bat    |
                  |                  |
                  |                  |
                  |       2026       |
                 *|     *  *  *      | *
        _________)/\\_//(\/(/\)/\//\/|_)_______

Goodbye DaveT the Priest...

You died in The Dungeons of Doom on dungeon level 2 with 345 points,
and 29 pieces of gold, after 590 moves.
You were level 3 with a maximum of 28 hit points when you died.

